AoeStats
← 2-ray

Nomad

506086895Analyzed
4v4 RM · 19d ago on Sep 12, 2026· 86m 44s· 8 players
Game mode
Random Map
Map size
231×231
Population
200
Speed
Normal
Resources
Standard
Victory
Conquest
Starting age
Dark Age
Ending age
Imperial Age
RankedLock teamsTeams togetherTeam positionsShared explorationLock speedFull tech treeHidden civsTurbo modeCheats
Victory
Defeat
🇧🇷 Mapuche · Brazil
1497
+15
🇲🇽 Persians · Mexico
1449
+17
1435
+17
🇩🇪 Vietnamese · Germany
1421
+17
1482
-17
🇻🇳 Dravidians · Vietnam
1471
-17
🇻🇳 Mongols · Vietnam
1458
-16
🇻🇳 Franks · Vietnam
1444
-16
苏东坡的粉丝
5:27 Loom
13:55 Feudal Age
16:22 Double-Bit Axe
18:39 Castle Age
16:39 Horse Collar
18:06 Scale Barding Armor
18:02 Gold Mining
18:48 Fishing Lines
21:23 Bow Saw
23:34 Heavy Plow
30:27 Wheelbarrow
32:45 Bloodlines
34:09 Stone Mining
35:57 Forging
35:53 Husbandry
36:15 Chain Barding Armor
36:46 Fishing Lines
41:57 Imperial Age
39:46 Fishing Lines
42:05 Iron Casting
42:39 Hand Cart
42:35 Cavalier
44:16 Sanctity
44:52 Plate Barding Armor
48:10 Gillnets
50:37 Two-Man Saw
60:04 Light Cavalry
60:45 Fletching
61:48 Pikeman
62:28 Squires
62:30 Scale Mail Armor
68:45 Conscription
69:46 Onager
72:27 Bodkin Arrow
73:44 Capped Ram
74:46 Halberdier
81:04 Caravan
86:05 Chain Mail Armor
85:37 Arson
86:08 Paladin
VX | El Venenudo
3:41 Loom
16:51 Feudal Age
26:28 Fletching
29:34 Castle Age
29:00 Double-Bit Axe
28:56 Horse Collar
30:17 Bow Saw
30:57 Fishing Lines
33:22 Wheelbarrow
32:45 Gillnets
34:57 Hand Cart
40:25 Gold Mining
43:22 Imperial Age
41:17 Scale Barding Armor
41:26 Bloodlines
41:16 Husbandry
42:23 Medium Warships
42:37 Chain Barding Armor
42:45 Forging
43:21 Gold Shaft Mining
43:08 Cavalier
44:38 Plate Barding Armor
44:49 Savar
46:19 Conscription
47:22 Iron Casting
48:24 Chemistry
49:32 Stone Mining
50:44 Blast Furnace
51:13 Bodkin Arrow
55:04 Scale Mail Armor
54:26 Pikeman
55:06 Squires
54:52 Gambesons
56:18 Two-Man Saw
54:59 Horse Collar
55:56 Stone Shaft Mining
56:07 Chain Mail Armor
63:07 Light Cavalry
64:30 Halberdier
65:46 Plate Mail Armor
65:03 Arson
65:26 Hussar
68:41 Heavy Plow
68:46 Padded Archer Armor
68:59 Citadels
69:26 Caravan
74:05 Hoardings
76:47 Elite War Elephant
80:16 Leather Archer Armor
80:23 Ballistics
80:14 Masonry
81:50 Crop Rotation
81:58 Ring Archer Armor
82:39 Heavy Warships
82:48 Architecture
86:03 Careening
86:04 Clinker Construction
Paradigma
12:53 Feudal Age
16:59 Castle Age
15:10 Double-Bit Axe
16:36 Fletching
23:54 Loom
23:57 Horse Collar
25:25 Wheelbarrow
25:29 Bodkin Arrow
29:47 Ballistics
29:30 Padded Archer Armor
31:25 Hand Cart
31:19 Elite Skirmisher
33:39 Bow Saw
38:11 Imperial Age
35:35 Town Watch
37:09 Gold Mining
37:22 Heavy Plow
37:16 Stone Mining
37:55 Malon
39:53 Chemistry
38:27 Capped Ram
38:39 Imperial Skirmisher
40:02 Gold Shaft Mining
39:56 Siege Engineers
41:01 Elite Bolas Rider
45:11 Conscription
44:59 Butalmapu
61:31 Elite Kona
64:07 Hoardings
87:35 Crop Rotation
2-ray
5:04 Loom
12:29 Feudal Age
13:01 Double-Bit Axe
14:00 Town Watch
16:56 Fletching
24:36 Castle Age
23:31 Stone Mining
24:17 Gold Mining
26:06 Bow Saw
28:26 Bodkin Arrow
28:33 Crossbowman
37:26 Wheelbarrow
43:13 Fortified Wall
44:38 Hand Cart
46:46 Horse Collar
47:44 Stone Shaft Mining
51:08 Imperial Age
51:19 Padded Archer Armor
51:41 Ballistics
51:08 Elite Skirmisher
52:22 Leather Archer Armor
53:20 Bracer
54:26 Chemistry
55:11 Ring Archer Armor
54:51 Treadmill Crane
55:38 Scale Barding Armor
55:44 Forging
57:50 Thumb Ring
58:57 Heavy Cavalry Archer
60:45 Siege Engineers
60:48 Imperial Skirmisher
63:11 Ring Archer Armor
64:15 Scale Mail Armor
64:25 Forging
64:41 Scale Barding Armor
67:36 Chain Barding Armor
72:09 Murder Holes
79:46 Heavy Plow
83:19 Caravan
84:56 Bloodlines
84:48 Husbandry
aKetbuscugioi
11:04 Loom
13:06 Feudal Age
32:16 Fishing Lines
36:34 Wheelbarrow
41:35 Castle Age
39:21 Town Watch
42:07 Double-Bit Axe
42:14 Stone Mining
42:41 Fletching
43:34 Stone Shaft Mining
42:50 Gold Mining
43:10 Bow Saw
43:56 Hand Cart
43:26 Town Watch
44:27 Bodkin Arrow
46:57 Gold Shaft Mining
51:28 Imperial Age
51:04 Padded Archer Armor
51:28 Ballistics
57:52 Bracer
58:08 Leather Archer Armor
59:18 Nomads
59:37 Elite Mangudai
62:40 Bloodlines
62:30 Husbandry
64:18 Thumb Ring
65:46 Chemistry
72:04 Light Cavalry
72:56 Forging
72:51 Scale Barding Armor
74:06 Hussar
Duc dam tac thich bus cu
3:09 Loom
14:42 Feudal Age
15:11 Double-Bit Axe
15:14 Fishing Lines
17:25 Wheelbarrow
17:31 Horse Collar
24:05 Castle Age
25:17 Fletching
25:29 Scale Mail Armor
25:31 Padded Archer Armor
27:54 Hand Cart
27:50 Bow Saw
27:41 Heavy Plow
29:49 Gillnets
39:58 Imperial Age
38:03 Scale Barding Armor
39:15 Bloodlines
39:06 Husbandry
39:12 Chatras
39:26 Gold Mining
39:27 Stone Mining
41:59 Forging
43:56 Two-Man Saw
43:55 Chain Barding Armor
44:12 Iron Casting
45:19 Plate Barding Armor
45:46 Leather Archer Armor
45:29 Bodkin Arrow
45:57 Elite Skirmisher
46:44 Thumb Ring
47:42 Chemistry
47:10 Imperial Skirmisher
47:56 Bracer
48:26 Ring Archer Armor
48:11 Town Watch
47:57 Crossbowman
49:39 Ring Archer Armor
49:40 Ballistics
51:22 Plate Barding Armor
51:23 Iron Casting
69:41 Guard Tower
69:48 Murder Holes
70:11 Elite Battle Elephant
74:14 Paper Money
82:35 Caravan
RoadTo1100
13:22 Feudal Age
13:28 Loom
13:56 Double-Bit Axe
17:58 Castle Age
19:10 Bow Saw
19:02 Husbandry
19:10 Gold Mining
21:51 Forging
21:47 Scale Barding Armor
24:10 Chain Barding Armor
25:30 Iron Casting
28:10 Wheelbarrow
29:17 Hand Cart
36:05 Scale Mail Armor
51:07 Imperial Age
50:01 Gold Shaft Mining
49:16 Stone Mining
51:10 Cavalier
52:32 Chain Mail Armor
54:11 Blast Furnace
53:47 Plate Barding Armor
54:18 Paladin
60:16 Ballistics
66:10 Town Watch
66:55 Conscription
69:58 Murder Holes
73:15 Chemistry
82:40 Caravan
Vũ
13:41 Feudal Age
15:10 Loom
17:30 Castle Age
16:10 Gold Mining
16:24 Double-Bit Axe
16:23 Fishing Lines
18:18 Town Watch
18:54 Bow Saw
19:42 Fletching
20:38 Elite Skirmisher
24:25 Stone Mining
26:46 Bodkin Arrow
29:43 Ballistics
29:22 Horse Collar
30:50 Padded Archer Armor
31:41 Wheelbarrow
31:09 Heavy Plow
35:34 Hand Cart
38:35 Imperial Age
36:31 Husbandry
37:48 Leather Archer Armor
38:08 Thumb Ring
38:20 Medical Corps
38:42 Murder Holes
39:40 Conscription
39:27 Bracer
40:34 Chemistry
40:39 Two-Man Saw
40:42 Ring Archer Armor
41:22 Elite Elephant Archer
43:07 Scale Mail Armor
43:18 Forging
44:12 Chain Mail Armor
45:30 Squires
45:16 Gambesons
45:17 Arson
44:52 Man-at-Arms
46:03 Plate Mail Armor
47:02 Wootz Steel
47:20 Iron Casting
46:37 Long Swordsman
47:17 Two-Handed Swordsman
50:43 Blast Furnace
49:05 Pikeman
49:44 Halberdier
55:51 Masonry
56:18 Hoardings
56:14 Champion
62:08 Imperial Skirmisher
69:59 Caravan
73:30 Siege Elephant
Connection lost

Rejoining the realm…

Still unreachable

The connection could not be restored.

Session expired

The server has moved on; the page needs a fresh start.